Map: Ever Dream LE

Players

Staples

  • Race: Zerg Zerg
  • League: Diamond
  • Spawn Location: 1:00

Subang - Winner!

  • Race: Zerg Zerg
  • League: Diamond
  • Spawn Location: 7:00

VOD

Have the link to the VOD?

Description

Time

  • Played on: July 22, 2020, 5:34 a.m.
  • Length: 14:38
Show
View Real Time Build Order
Export as new Build Order

Staples Zerg 

Build Orders: 1 Base Baneling Bust, Pool First 

Get SALT Encoding   

  12  0:01  Drone  
  13  0:08  Extractor  
  12  0:25  Spawning Pool  
  11  0:29  Drone  
  11  0:33  Drone  
  13  0:46  Overlord  
  13  0:53  Drone  
  14  1:12  Metabolic Boost  
  14  1:14  Zergling x4  
  14  1:17  Zergling x2  
  17  1:29  Zergling x2  
  18  1:36  Zergling x2  
  19  1:43  Queen  
  19  1:47  Overlord  
  21  1:57  Baneling Nest  
  21  1:59  Zergling x2  
  21  2:09  Zergling x2  
  22  2:26  Zergling x2  
  23  2:33  Zergling x2  
  24  2:40  Zergling x2  
  21  2:59  Zergling x8  
  25  3:17  Baneling x2  
  24  3:20  Zergling x2  
  24  3:25  Zergling x2  
  22  3:46  Zergling x4  
  19  3:52  Zergling x2  
  20  4:06  Hatchery  
  19  4:11  Overlord  
  19  4:13  Zergling x4  
  21  4:23  Zergling x2  
  20  4:33  Zergling x6  
  22  4:39  Zergling x2  
  21  4:48  Zergling x2  
  21  4:51  Baneling x2  
  22  5:04  Zergling x2  
  22  5:06  Queen  
  25  5:09  Zergling x2  
  25  5:18  Baneling  
  25  5:19  Baneling  
  25  5:27  Baneling  
  25  5:28  Zergling x4  
  26  5:29  Queen  
  27  5:50  Zergling x10  
  27  5:56  Baneling x2  
  32  5:57  Baneling  
  32  6:12  Baneling  
  32  6:18  Roach Warren  
  24  6:50  Queen  
  24  6:54  Drone x3  
  27  7:00  Roach  
  29  7:15  Drone x3  
  30  7:19  Roach  
  34  7:24  Roach  
  34  7:29  Drone  
  37  7:34  Roach  
  39  7:40  Overlord  
  39  7:50  Drone  
  39  7:51  Roach, Drone  
  43  8:00  Lair  
  43  8:06  Roach  
  43  8:08  Roach  
  47  8:17  Drone x3  
  50  8:20  Drone  
  50  8:23  Overlord  
  51  8:30  Overlord  
  51  8:34  Overlord  
  51  8:52  Evolution Chamber, Drone  
  51  8:53  Drone x5  
  58  9:17  Roach x3  
  58  9:19  Zergling x8  
  65  9:36  Overlord x3  
  65  9:37  Overlord  
  62  9:46  Zergling x4  
  64  9:58  Zergling x4  
  66  10:13  Drone x4  
  70  10:14  Extractor  
  69  10:31  Hatchery  
  69  10:35  Drone x2  
  69  10:36  Drone  
  69  10:37  Overlord  
  69  10:41  Extractor  
  70  10:43  Extractor, Drone  
  70  10:44  Drone x3  
  71  11:06  Roach x3  
  71  11:07  Roach  
  71  11:08  Roach  
  81  11:14  Queen  
  81  11:15  Queen  
  85  11:25  Baneling x3  
  85  11:26  Baneling x3  
  82  11:51  Roach x11  
  91  11:54  Roach  
  83  12:05  Roach x2  
  77  12:19  Roach  
  77  12:20  Roach x3  
  83  12:32  Drone  
  83  12:33  Drone x8  
  92  12:43  Zerg Missile Weapons Level 1  
  92  12:45  Drone x3  
  92  12:47  Evolution Chamber, Centrifical Hooks  
  92  12:51  Spire  
  93  13:02  Drone x4  
  93  13:05  Extractor  
  96  13:06  Extractor  
  95  13:15  Hatchery  
  94  13:21  Roach  
  94  13:22  Roach x7  
  110  13:51  Overlord x4  
  112  14:16  Roach x4  
  112  14:17  Roach x8  
Show
View Real Time Build Order
Export as new Build Order

Subang Zerg - Winner!

Build Orders: Hatch First 

Get SALT Encoding   

  12  0:00  Drone  
  13  0:12  Overlord  
  13  0:16  Drone  
  14  0:31  Drone x2  
  16  0:51  Hatchery  
  16  0:53  Drone  
  16  0:56  Drone  
  17  0:59  Drone  
  18  1:09  Extractor  
  17  1:15  Spawning Pool  
  17  1:17  Drone  
  17  1:20  Drone  
  18  1:28  Drone  
  19  1:39  Drone  
  20  1:50  Overlord  
  20  2:03  Queen x2  
  20  2:05  Drone, Zergling x2  
  26  2:11  Drone  
  27  2:16  Drone  
  28  2:31  Spine Crawler  
  28  2:34  Baneling Nest  
  26  2:37  Overlord  
  26  2:45  Spine Crawler  
  26  2:47  Zergling x10  
  29  3:00  Zergling x4  
  29  3:01  Spine Crawler  
  26  3:19  Roach Warren  
  25  3:24  Spine Crawler  
  25  3:25  Spine Crawler  
  20  3:30  Baneling x2  
  20  3:31  Drone  
  20  3:32  Drone  
  20  3:44  Drone x2  
  21  3:55  Drone  
  21  3:56  Drone  
  21  3:58  Zergling x2  
  24  4:04  Spine Crawler  
  14  4:31  Zergling x12  
  11  4:46  Drone x2  
  13  4:56  Baneling x2  
  12  5:08  Drone  
  10  5:28  Drone  
  10  5:49  Drone  
  13  5:50  Drone x2  
  12  6:18  Roach x2  
  16  6:19  Zergling x4  
  18  6:26  Drone  
  17  6:54  Drone x5  
  20  6:56  Drone  
  23  7:06  Drone x2  
  25  7:16  Drone  
  25  7:21  Drone  
  27  7:22  Queen  
  27  7:28  Drone x2  
  31  7:38  Drone  
  31  7:39  Drone  
  33  7:44  Queen  
  33  7:48  Drone  
  33  7:49  Overlord  
  36  8:07  Overlord x2  
  36  8:09  Drone  
  37  8:15  Drone  
  38  8:20  Drone  
  38  8:21  Drone  
  40  8:32  Roach  
  40  8:33  Roach x2  
  48  8:34  Roach  
  48  8:40  Hatchery  
  47  8:44  Drone x2  
  49  8:49  Roach  
  49  8:53  Drone x3  
  54  8:56  Drone  
  55  9:05  Overlord  
  55  9:09  Roach  
  57  9:12  Extractor  
  57  9:13  Drone x3  
  59  9:25  Overlord x2  
  59  9:37  Roach x2  
  59  9:38  Overlord x2  
  59  9:44  Ravager  
  60  9:47  Roach x2  
  64  9:58  Roach  
  66  10:00  Extractor  
  66  10:04  Extractor, Drone x2  
  66  10:11  Roach x3  
  72  10:15  Drone  
  73  10:23  Roach x2  
  77  10:36  Lair  
  77  10:38  Roach  
  77  10:39  Roach  
  77  10:41  Roach  
  83  10:43  Roach  
  83  10:45  Roach  
  87  10:50  Drone  
  87  10:51  Drone  
  87  10:54  Roach  
  87  10:55  Overlord  
  91  11:05  Overlord x2  
  91  11:13  Roach x4  
  91  11:15  Overlord  
  99  11:23  Baneling  
  99  11:31  Roach x2  
  99  11:32  Roach  
  105  11:43  Roach x7  
  119  11:50  Roach  
  119  11:51  Roach, Hatchery  
  109  11:56  Roach  
  99  12:11  Roach  
  99  12:12  Roach x6  
  113  12:19  Glial Reconstitution  
  111  12:31  Roach x2, Overlord  
  115  12:42  Overlord  
  115  12:43  Overlord  
  115  12:48  Overlord  
  115  12:54  Evolution Chamber  
  115  12:56  Ravager  
  115  12:57  Hatchery, Ravager x2  
  115  12:58  Evolution Chamber  
  115  12:59  Roach x2, Ravager  
  115  13:04  Drone  
  115  13:05  Drone x6  
  127  13:07  Hatchery  
  127  13:11  Ravager x4  
  132  13:12  Roach  
  132  13:25  Roach x6  
  144  13:39  Drone x3  
  148  13:49  Roach  
  148  13:50  Roach x2  
  148  13:52  Overlord x2  
  148  13:53  Hatchery, Overlord x2  
  153  14:08  Drone  
Tags
 
Add a new tag
Caveats
  • Supply blocks, unpowered buildings, or Contaminate may cause inaccurate times.
  • Supply counts are checked every 10 seconds.